 Dungeon Crawl Stone Soup version 0.27-a0-1579-g97d2440184 (webtiles) character file.

Game seed: 10169192480623989902

38 bilbop the Caller (level 3, -7/20 HPs)
             Began as a Kobold Summoner on July 17, 2021.
             Mangled by Sigmund (8 damage)
             ... on level 2 of the Dungeon.
             The game lasted 00:20:36 (1786 turns).

bilbop the Caller (Kobold Summoner)                 Turns: 1786, Time: 00:20:37

Health: -7/20      AC:  4    Str:  6    XL:     3   Next: 65%
Magic:  1/6        EV: 14    Int: 16    God:
Gold:   62         SH:  0    Dex: 15    Spells: 4/7 levels left

rFire    . . .     SeeInvis .   a - +0 dagger
rCold    . . .     Faith    .   (shield restricted)
rNeg     . . .     Spirit   .   f - +0 leather armour
rPois    .         Reflect  .   h - +0 helmet
rElec    .         Harm     .   (no cloak)
rCorr    .         Rampage  .   (no gloves)
Will     .....                  (no boots)
Stlth    +++.......             (no amulet)
HPRegen  0.06/turn              (no ring)
MPRegen  0.10/turn              (no ring)

@: studying Dodging
A: small, no large weapons, nightstalker 3
a: no special abilities


You were on level 2 of the Dungeon.
You visited 1 branch of the dungeon, and saw 2 of its levels.

You collected 62 gold pieces.

Inventory:

Hand Weapons
 a - a +0 dagger (weapon)
Armour
 e - a +0 robe
 f - a +0 leather armour (worn)
 h - a +0 helmet (worn)
Scrolls
 b - a scroll of teleportation {unknown}
 d - a scroll of identify {unknown}
Potions
 c - a potion of heal wounds {unknown}
 g - a potion of might {unknown}


   Skills:
 + Level 1.0 Fighting
 + Level 1.1 Short Blades
 + Level 0.4 Armour
 + Level 3.0 Dodging
 + Level 3.2 Stealth
 + Level 2.5 Spellcasting
 + Level 4.1 Summonings


You had 4 spell levels left.
You knew the following spells:

 Your Spells              Type           Power      Damage    Failure   Level
a - Summon Small Mammal   Summ           60%        N/A       5%          1
b - Call Imp              Summ           15%        N/A       9%          2

Your spell library contained the following spells:

 Spells                   Type           Power      Damage    Failure   Level
 Call Canine Familiar     Summ           15%        N/A       17%         3
 Summon Guardian Golem    Hex/Summ       8%         N/A       36%         3
 Summon Lightning Spire   Summ/Air       8%         N/A       78%         4


Dungeon Overview and Level Annotations

Branches:
Dungeon (2/15)

Altars:

Annotations:
D:2 Sigmund


Innate Abilities, Weirdness & Mutations

You are small and have problems with some larger weapons.
You are completely attuned to the shadows.


Message History

Aim: Sigmund, wielding a +0 scythe and wearing a +0 robe (severely wounded, ally target) Attack!
Sigmund gestures at you while chanting.
Your crimson imp appears confused.
Sigmund gestures at you while chanting.
You are confused.
Your crimson imp closely misses Sigmund.
You bump into the rock wall.
You're too confused to cast spells.
Your crimson imp closely misses Sigmund.
Sigmund says, "Look into my eyes."
Sigmund hits you with a +0 scythe.
You bump into the rock wall.
Sigmund misses you.
You barely miss Sigmund.
Sigmund is severely wounded.
Sigmund casts a spell at you.
You are more confused.
You bump into the rock wall.
Sigmund barely misses you.
Sigmund hits you from afar with a +0 scythe!
Ouch! That really hurt!
* * * LOW HITPOINT WARNING * * *
Sigmund barely misses you.
You bump into the rock wall.
Sigmund barely misses you.
You bump into the rock wall.
You feel less confused. Sigmund closely misses you.
Casting: Call Imp (safe; 9% risk of failure)
Confirm with . or Enter, or press ? or * to list all spells.
A beastly little devil appears in a puff of flame.
Sigmund closely misses you.
You barely miss Sigmund.
Sigmund is severely wounded.
Sigmund gestures at you while chanting. The puff of flame hits you.
* * * LOW HITPOINT WARNING * * *
Your crimson imp closely misses Sigmund.
You hit Sigmund.
Sigmund is severely wounded.
Sigmund hits you with a +0 scythe!
You die...

####### #5@@..#
#.###.######### #.#
#........<#
#.#############
#......######
#######.#....#
#.......#.##.#
############.####..#.##.#
#............#.....#.##.#


You could see Sigmund (ally target) and a friendly crimson imp (summoned).

Vanquished Creatures
  A bat (D:1)
  2 endoplasms
  2 goblins (D:2)
  A ball python (D:2)
  A rat (D:2)
7 creatures vanquished.

Vanquished Creatures (collateral kills)
  Robin (D:2)
  4 endoplasms
  9 goblins
  6 hobgoblins
  3 jackals (D:1)
  A quokka (D:1)
  4 ball pythons (D:1)
  3 bats
  2 frilled lizards (D:1)
  A kobold (D:1)
  A rat (D:1)
35 creatures vanquished.

Vanquished Creatures (others)
  4 plants (D:1)
4 creatures vanquished.

Grand Total: 46 creatures vanquished

Notes
Turn   | Place    | Note
-------+----------+-------------------------------------------
     0 | D:1      | bilbop the Kobold Summoner began the quest for the Orb.
     0 | D:1      | Reached XP level 1. HP: 10/10 MP: 3/3
   359 | D:1      | Reached XP level 2. HP: 16/16 MP: 1/5
   871 | D:1      | Learned a level 2 spell: Call Imp
  1166 | D:2      | Reached XP level 3. HP: 14/20 MP: 1/6
  1178 | D:2      | Noticed Robin
  1234 | D:2      | Reached skill level 1 in Short Blades
  1254 | D:2      | Killed Robin
  1648 | D:2      | Reached skill level 1 in Fighting
  1688 | D:2      | Noticed Sigmund
  1785 | D:2      | HP: 1/20 [Sigmund/puff of flame (5)]
  1786 | D:2      | Mangled by Sigmund

Illustrated notes

Levels and vault maps discovered:
D:1:      roderic_crop_circles_arrival_small, layout_rooms, minivault_27,
          minmay_misc_feat_chi, minmay_misc_feat_pillars,
          minmay_stone_trees_small
D:2:      layout_basic, hellmonk_ecumenical_altar_inner_sanctum, uniq_sigmund,
          uniq_robin

Skill      XL: |  1  2  3 |
---------------+----------+-----
Stealth        | 3 |  3.2
Short Blades   | 1 |  1.1
Dodging        | 3 |  3.0
Fighting       | 1 |  1.0
Armour         | |  0.4
Spellcasting   | |  2.5
Summonings     | |  4.1

Action                   || total
-------------------------++-------
Melee: Unarmed           ||    20
       Dagger            ||    22
 Cast: Summon Small Mamm ||    46
       Call Imp          ||    17
 Stab: Sleeping          ||     2
Armor: Robe              ||     8
       Leather armour    ||     6
Dodge: Dodged            ||    58

Table legend: (Time is in decaauts)
 A = Elapsed time spent in this place.
 B = Non-inter-level travel time spent in this place.
 C = Inter-level travel time spent in this place.
 D = Time resting spent in this place.
 E = Time spent auto-exploring this place.
 F = Levels seen in this place.
 G = Mean time per level.
                   A        B        C        D        E       F      G
               +--------+--------+--------+--------+--------+-----+--------+
         Total |   1784 |   1734 |     50 |    273 |   1009 |   2 |  892.0 |
       Dungeon |   1784 |   1734 |     50 |    273 |   1009 |   2 |  892.0 |
               +--------+--------+--------+--------+--------+-----+--------+

Top non-repeatable levels by time:
     D:1: 1011 daAuts
     D:2: 772 daAuts
